 Dungeon Crawl Stone Soup version 0.28.0-53-g5a82cb258f (webtiles) character file.

Game seed: 3543387842906012139

208 kakkapylly the Cudgeller (level 5, -10/47 HPs)
             Began as a Minotaur Fighter on July 2, 2022.
             Killed from afar by a white imp (14 damage)
             ... with a puff of frost
             ... on level 3 of the Dungeon.
             The game lasted 00:09:10 (2992 turns).

kakkapylly the Cudgeller (Minotaur Fighter)         Turns: 2992, Time: 00:09:11

Health: -10/47     AC:  7    Str: 23    XL:     5   Next: 55%
Magic:  4/4        EV:  9    Int:  5    God:
Gold:   130        SH:  4    Dex:  9    Spells: 4/4 levels left

rFire   . . .      SeeInvis .   a - +0 flail
rCold   . . .      Faith    .   c - +0 buckler
rNeg    . . .      Spirit   .   b - +0 scale mail
rPois   .          Reflect  .   (helmet restricted)
rElec   .          Harm     .   (no cloak)
rCorr   .          Rampage  .   (no gloves)
Will    .....                   (no boots)
Stlth   ..........              (no amulet)
HPRegen 0.15/turn               (no ring)
MPRegen 0.09/turn               (no ring)

@: no status effects
A: horns 2, retaliatory headbutt
a: no special abilities


You were on level 3 of the Dungeon.
You visited 1 branch of the dungeon, and saw 4 of its levels.

You collected 130 gold pieces.

Inventory:

Hand Weapons
 a - a +0 flail (weapon)
 g - a +0 hunting sling
 l - a +2 flail of draining
Missiles
 i - 45 stones (quivered)
Armour
 b - a +0 scale mail (worn)
 c - a +0 buckler (worn)
Jewellery
 j - an amulet of faith
Wands
 m - a wand of iceblast (11)
Scrolls
 e - a scroll of identify
 f - a scroll of fear {unknown}
 k - a scroll of fog {unknown}
 n - a scroll of silence {unknown}
Potions
 d - a potion of might
 h - 2 potions of degeneration {unknown}
 o - a potion of heal wounds {unknown}


   Skills:
 - Level 4.3 Fighting
 * Level 6.0 Maces & Flails
 - Level 4.2 Armour
 - Level 0.1 Dodging
 - Level 4.0 Shields


You had 4 spell levels left.
You didn't know any spells.
Your spell library was empty.

Dungeon Overview and Level Annotations

Branches:
Dungeon (4/15)
 Temple: D:4-7

Altars:
Dithmenos


Innate Abilities, Weirdness & Mutations

You have a pair of horns on your head.
You reflexively headbutt those who attack you in melee.


Message History

The white imp gestures at you.
The puff of frost hits something!
In your confused state, you trip and fall back down the stairs.
Something hits you but does no damage. The white imp gestures at you.
The puff of frost hits something!
Reactivating autopickup.
In your confused state, you trip and fall back down the stairs.
The white imp hits you. The white imp freezes you.
You hear the slow rusting of a very distant drain.
The white imp barely misses you.
You climb upwards.
There is a stone staircase leading down here.
You are too confused!
You are too confused!
You are too confused!
You are too confused!
You are too confused!
You are too confused!
You are too confused!
You hit the white imp but do no damage.
You feel less confused. The white imp barely misses you.
You furiously retaliate!
You headbutt the white imp, but do no damage.
You hit the white imp but do no damage. The white imp gestures at you.
The puff of frost hits you!
You hit the white imp but do no damage.
You headbutt the white imp, but do no damage.
The white imp completely misses you.
You hit the white imp. You headbutt the white imp.
The white imp is heavily wounded.
The white imp gestures at you. The puff of frost hits you!
* * * LOW HITPOINT WARNING * * *
You hit the white imp but do no damage.
The white imp is heavily wounded.
The white imp gestures at you. The puff of frost hits you!
You die...

#.# #.##.# #.# #.# #.# #.#
#.##.####.# #.# #.#
#.#########...[.....# #.# #.#
#...[>......##.#########.####.#
#.....................<.....#.#
..#####.###.##.##.######.##.#.#
#.# #.# #.##.##.# #.##.#.# #.#
##.###.##.##.######.##.#.# #.#
#...>..##..@........##.#.# #.#
#..###.....5.............#
#.####.)#
####[##.#########.#####
#...##..######..#.######
#......
###.##.................#
####### ##>##.########...####.#
##.#.#.# #..## #.# ..###..#
#..# #.# ##.#)#.# #..# #.#


You could see a white imp.

Vanquished Creatures
  Jessica (D:3)
  Ijyb (D:3)
  Terence (D:3)
  Robin (D:3)
  6 adders
  A worm (D:2)
  2 dart slugs
  2 orcs (D:4)
  7 endoplasms
  3 giant cockroaches
  7 goblins
  9 hobgoblins
  2 quokkas
  4 ball pythons
  3 bats
  3 frilled lizards
  5 kobolds
  4 rats
62 creatures vanquished.

Vanquished Creatures (others)
  An orc wizard (D:4)
  2 plants (D:1)
3 creatures vanquished.

Grand Total: 65 creatures vanquished

Notes
Turn   | Place    | Note
-------+----------+-------------------------------------------
     0 | D:1      | kakkapylly the Minotaur Fighter began the quest for the
                  | Orb.
     0 | D:1      | Reached XP level 1. HP: 19/19 MP: 0/0
   233 | D:1      | Reached XP level 2. HP: 19/27 MP: 1/1
   335 | D:1      | Found a faded altar of an unknown god.
  1064 | D:2      | Reached skill level 3 in Maces & Flails
  1064 | D:2      | Reached XP level 3. HP: 12/33 MP: 2/2
  1566 | D:2      | Reached XP level 4. HP: 30/41 MP: 3/3
  1865 | D:3      | Reached skill level 4 in Maces & Flails
  2042 | D:3      | Noticed Jessica
  2050 | D:3      | Killed Jessica
  2075 | D:3      | Noticed Terence
  2084 | D:3      | Killed Terence
  2085 | D:3      | Reached skill level 5 in Maces & Flails
  2085 | D:3      | Reached XP level 5. HP: 42/45 MP: 4/4
  2153 | D:3      | Noticed Ijyb
  2163 | D:3      | Killed Ijyb
  2377 | D:3      | Noticed Robin
  2387 | D:3      | Killed Robin
  2951 | D:4      | Found a shadowy altar of Dithmenos.
  2974 | D:4      | Reached skill level 6 in Maces & Flails
  2992 | D:3      | Killed from afar by a white imp

Illustrated notes

Levels and vault maps discovered:
D:1:      minmay_arrival_pointy, layout_basic, ebering_ecumenical_altar_box,
          serial_bayou_lake_a
D:2:      layout_rooms, minmay_surrounded
D:3:      layout_loops_ring, uniq_terence, uniq_robin, uniq_ijyb, uniq_jessica
D:4:      layout_basic, mainiacjoe_overflow_catch_the_wave,
          cheibrodos_sewer_entry_sluice

Skill      XL: |  1  2  3  4  5 |
---------------+----------------+-----
Fighting       | 4 |  4.3
Maces & Flails | 3 5 6 |  6.0
Armour         | 4 |  4.2
Shields        | 4 |  4.0
Dodging        | |  0.1

Action                   |  1- 3 |  4- 6 || total
-------------------------+-------+-------++-------
Melee: Flail             |    83 |    72 ||   155
       Headbutt          |    14 |    10 ||    24
Throw: Stone             |     1 |     5 ||     6
  Use: Scroll            |     2 |       ||     2
       Potion            |     1 |       ||     1
Armor: Scale mail        |    27 |    33 ||    60
Dodge: Dodged            |    32 |    27 ||    59
Block: Buckler           |    13 |    14 ||    27
